 Dungeon Crawl Stone Soup version 0.27.1-1-g398f81649c (webtiles) character file.

Game seed: 18229483303503701007

61571 szrap the Unseen (level 14, 0/72 HPs)
             Began as a Spriggan Earth Elementalist on Sept 9, 2021.
             Was an Initiate of Gozag.
             Shot with a bolt by an orc knight (22 damage)
             ... on level 2 of the Orcish Mines on Sept 14, 2021.
             The game lasted 01:40:49 (35196 turns).

szrap the Unseen (Spriggan Earth Elementalist)     Turns: 35196, Time: 01:40:52

Health: 0/72       AC:  7    Str:  4    XL:     14   Next: 61%
Magic:  17/40      EV: 26    Int: 24    God:    Gozag
Gold:   4548       SH:  8    Dex: 18    Spells: 5/37 levels left

rFire    . . .     SeeInvis +   p - +3 rapier (drain)
rCold    + . .     Faith    .   h - +1 buckler of Midwinter {MP+9 Int+3 Dex+2}
rNeg     . . .     Spirit   .   b - +2 robe
rPois    .         Reflect  .   f - +2 hat {Will+}
rElec    .         Harm     .   t - +0 cloak
rCorr    .         Rampage  .   (gloves unavailable)
Will     ++++.                  (boots unavailable)
Stlth    +++++++...             (no amulet)
HPRegen  0.22/turn              H - ring of Pezorenn {rC+ Will+}
MPRegen  0.27/turn              G - ring of wizardry

@: very quick
A: very small, no large weapons, unfitting armour, see invisible, speed 3
a: Renounce Religion, Potion Petition, Call Merchant, Bribe Branch


You were on level 2 of the Orcish Mines.
You worshipped Gozag.
Gozag was most pleased with you.
You visited 4 branches of the dungeon, and saw 20 of its levels.
You also visited: Ossuary and Bailey.

You collected 5425 gold pieces.
You paid 877 gold pieces to Gozag.

Inventory:

Hand Weapons
 k - the +7 Singing Sword {vorpal, sonic wave}
   (You found it on level 4 of the Dungeon)

   It inflicts extra damage upon your enemies.
   It radiates damaging sonic waves as it strikes, especially in combat
   involving dangerous or numerous foes.
 p - a +3 rapier of draining (weapon)
 q - a +2 shortbow of freezing
Missiles
 c - 675 stones
 e - 130 poisoned darts
 j - 5 throwing nets
 r - 214 arrows
Armour
 b - a +2 robe (worn)
 f - a +2 hat of willpower (worn)
 h - the +1 buckler of Midwinter (worn) {MP+9 Int+3 Dex+2}
   (You acquired it in a bailey)

   Int:       It affects your intelligence (+3).
   Dex:       It affects your dexterity (+2).
   MP:        It affects your magic capacity (+9).
 t - a +0 cloak (worn)
 x - a +0 buckler
Jewellery
 g - a +6 ring of dexterity
 i - a +6 ring of intelligence
 l - the amulet of Oqimauqa {Acrobat *Slow rPois rF+}
   (You acquired it in a bailey)

   [amulet of the acrobat]

   It increases your evasion while moving and waiting.
   rF:        It protects you from fire.
   rPois:     It protects you from poison.
   *Slow:     It may slow you when you take damage.
 G - a ring of wizardry (right hand)
 H - the ring of Pezorenn (left hand) {rC+ Will+}
   (You acquired it on level 4 of the Lair of Beasts)

   [ring of willpower]

   rC:        It protects you from cold.
   Will:      It increases your willpower.
 J - a ring of flight
Wands
 o - a wand of polymorph (17)
 u - a wand of flame (34)
 z - a wand of acid (9)
 F - a wand of digging (7)
Scrolls
 m - 6 scrolls of identify
 v - 3 scrolls of immolation
 w - 2 scrolls of blinking
 y - 2 scrolls of teleportation
 A - a scroll of magic mapping
 D - a scroll of amnesia
 I - a scroll of summoning
 K - 2 scrolls of fog
Potions
 a - 3 potions of mutation
 d - 2 potions of ambrosia
 n - 3 potions of curing
 s - a potion of might
 B - 3 potions of heal wounds
 C - 4 potions of haste
 E - 3 potions of lignification


   Skills:
 * Level 7.9 Fighting
 - Level 0.5 Short Blades
 * Level 12.5 Dodging
 * Level 18.8 Stealth
 - Level 4.0 Shields
 - Level 12.0 Spellcasting
 - Level 1.3 Transmutations
 * Level 6.1 Air Magic
 * Level 12.1 Earth Magic


You had 5 spell levels left.
You knew the following spells:

 Your Spells              Type           Power      Damage    Failure   Level
a - Sandblast             Erth           100%       2d20      1%          1
b - Passwall              Tmut/Erth      38%        N/A       1%          2
c - Stone Arrow           Conj/Erth      86%        3d12      1%          3
d - Petrify               Tmut/Erth      46%        N/A       1%          4
e - Lee's Rapid Deconstr  Erth           32%        3d17*     1%          5
f - Summon Lightning Spi  Summ/Air       29%        N/A       6%          4
g - Airstrike             Air            21%        N/A       1%          4
h - Dispel Undead         Necr           14%        3d10      21%         4
i - Lightning Bolt        Conj/Air       14%        1d28      16%         5

Your spell library contained the following spells:

 Spells                   Type           Power      Damage    Failure   Level
 Static Discharge         Conj/Air       29%        N/A       1%          2
 Foxfire                  Conj/Fire      56%        2x1d6     2%          1
 Ensorcelled Hibernation  Hex/Ice        28%        N/A       3%          2
 Spider Form              Tmut/Pois      8%         N/A       4%          3
 Conjure Flame            Conj/Fire      14%        6-21      6%          3
 Inner Flame              Hex/Fire       14%        N/A       6%          3
 Sticky Flame             Conj/Fire      14%        2d4       21%         4
 Summon Forest            Summ/Tloc      7%         N/A       47%         5
 Summon Mana Viper        Hex/Summ       14%        N/A       47%         5
 Shadow Creatures         Summ           N/A        N/A       95%         6
 Borgnjor's Revivificati  Necr           7%         N/A       100%        8
 Necromutation            Tmut/Necr      8%         N/A       100%        8
 Death's Door             Necr           7%         N/A       100%        9


Dungeon Overview and Level Annotations

Branches:
Dungeon (11/15)            Temple (1/1) D:7            Lair (6/6) D:11
  Swamp (0/4) Lair:2       Spider (0/4) Lair:3        Slime (0/5) Lair:6
    Orc (2/2) D:9             Elf (0/3) Orc:2       Ossuary (visited)
 Bailey (visited)

Altars:
Ashenzari
Cheibriados
Dithmenos
Elyvilon
Fedhas
Gozag
Hepliaklqana
Kikubaaqudgha
Makhleb
Nemelex Xobeh
Okawaru
Qazlal
Ru
Trog
Uskayaw
Vehumet
Wu Jian
Xom
Yredelemnul
Zin
The Shining One
Beogh

Shops:
D:7 (   D:11 :

Annotations:
D:3 Terence
D:5 1 runed translucent door, Crazy Yiuf
Lair:2 1 runed translucent door, Rickety's ghost, journeyman SpEn
Lair:6 2 runed translucent doors
Orc:2 exclusion: upstairs


Innate Abilities, Weirdness & Mutations

You are very small and have problems with some larger weapons.
You are too small for most types of armour.
You have supernaturally acute eyesight. (SInv)
You cover ground extremely quickly. (Speed+++)


Message History

The orc knight shoots a bolt.
The bolt misses you.
Your lightning spire shoots out a bolt of lightning at the orc knight!
The bolt of electricity misses the orc knight.
The orc knight shoots a bolt.
The bolt closely misses you.
Your lightning spire shoots out a bolt of lightning at the orc knight!
The bolt of electricity hits the orc knight.
The orc knight shoots a bolt.
The bolt hits you!
Casting: Summon Lightning Spire (dangerous; 6% risk of failure)
Confirm with . or Enter, or press ? or * to list all spells.
An electric hum fills the air.
Your lightning spire disappears in a puff of smoke!
The orc knight shoots a bolt.
The bolt hits you!
Unknown command.
The orc knight shoots a bolt.
The bolt hits you!
An orc wizard comes into view. It is wielding a +0 dagger.
The orc knight shoots a bolt.
The bolt hits you!
The orc knight shoots a bolt.
The bolt closely misses you.
Your lightning spire shoots out a bolt of lightning at the orc knight!
The bolt of electricity hits the orc knight!
The orc knight shoots a bolt.
The bolt hits your lightning spire!
Your lightning spire shoots out a bolt of lightning at the orc knight!
The bolt of electricity hits the orc knight!
The orc wizard casts a spell at you. The puff of flame hits you!
* * * LOW HITPOINT WARNING * * *
The orc knight shoots a bolt.
The bolt hits your lightning spire!!
Your lightning spire is destroyed!
Casting: Summon Lightning Spire (dangerous; 6% risk of failure)
Confirm with . or Enter, or press ? or * to list all spells.
You don't know that spell.
There are no items here.
Unknown command.
Unknown command.
Casting: Summon Lightning Spire (dangerous; 6% risk of failure)
Confirm with . or Enter, or press ? or * to list all spells.
An electric hum fills the air.
The orc knight shouts!
The orc knight shoots a bolt.
The bolt hits you!!
You die...
Your body crumbles into a pile of gold.

......##.......#...$.............
...........#.).......$...........
.##.#....####.......o............
.####..#.####..)....$.$..........
..##......##....)................
....#.##...#.........#....#......
.....##...........8).............
..#..###......#)...)...#.........
......####......@................
.....## ##.............$........
##..## ##.#.##................
#### ##...##.##..o..o......
##.#######.##...#.#.# ###
############


You could see an orc knight (ally target), an orc wizard and a friendly
lightning spire (summoned).

Vanquished Creatures
  Gastronok (D:9)
  Josephine (Orc:1)
  8 hydras
  Erica (D:9)
  3 two-headed ogres
  4 orc high priests
  Nergalle (Orc:1)
  An orange crystal statue (Lair:1)
  3 orc knights (Bailey)
  A lindwurm (Lair:6)
  Pikel (D:6)
  4 oklob plants (Lair:1)
  2 orc sorcerers
  13 elephants
  2 black mambas
  2 molten gargoyles (Lair:6)
  8 cane toads
  5 rime drakes
  14 komodo dragons
  2 trolls (Orc:2)
  A polar bear (Lair:5)
  2 hornets
  A jumping spider (Lair:3)
  Grinder (D:6)
  15 dream sheep
  14 blink frogs
  2 redbacks (Lair:3)
  A vampire (D:10)
  3 wraiths
  A shadow (D:10)
  43 yaks
  11 wyverns
  Grum (D:9)
  5 basilisks
  2 steam dragons
  3 vampire mosquitoes (D:11)
  Menkaure (D:5)
  Edmund (D:5)
  A warg (Orc:2)
  2 acid dragons
  Duvessa (D:6)
  11 water moccasins
  16 orc warriors
  2 hell hounds (Lair:6)
  2 black bears
  An ice beast (D:7)
  A necrophage (D:4)
  2 sky beasts (D:8)
  3 boggarts (D:11)
  3 ogres
  8 centaurs
  15 wolves
  A lemure (D:6)
  Blork the orc (D:6)
  4 kobold brigands
  12 bullfrogs
  6 scorpions
  Dowan (D:6)
  A water moccasin skeleton (D:4)
  12 wights
  6 electric eels
  4 centaur zombies
  9 howler monkeys
  6 lava snakes
  3 bullfrog skeletons
  4 jellies
  A bullfrog zombie (D:5)
  5 orc priests
  2 human zombies (Ossuary)
  2 centaur skeletons
  6 iguanas
  9 orc wizards
  A killer bee zombie (D:9)
  A hound skeleton (D:4)
  2 mummies (Ossuary)
  A howler monkey zombie (D:8)
  A howler monkey skeleton (D:4)
  8 gnolls
  5 adders
  A shadow imp (D:6)
  2 white imps
  An ufetubus (D:5)
  4 adder skeletons
  A worm (D:2)
  A dart slug (D:5)
  34 orcs
  6 ball pythons
  7 endoplasms
  3 giant cockroaches
  5 gnoll zombies (Ossuary)
  18 goblins
  12 hobgoblins
  2 quokkas
  13 bats
  6 frilled lizards
  2 goblin zombies (Ossuary)
  5 hobgoblin zombies (Ossuary)
  28 kobolds
  4 rats
522 creatures vanquished.

Vanquished Creatures (collateral kills)
  2 hydras (Lair:6)
  An orc high priest (Orc:2)
  An orc knight (Orc:1)
  A lindwurm (Lair:6)
  2 orc sorcerers (Orc:2)
  4 elephants
  4 blink frogs (Lair:5)
  3 dream sheep
  2 wraiths (Orc:1)
  A steam dragon (Lair:6)
  2 hell hounds (Lair:6)
  2 ogres
  A bullfrog (Lair:5)
  A nameless horror (Orc:1)
  2 lava snakes (Lair:6)
  2 orc priests
  5 orc wizards
  12 orcs
48 creatures vanquished.

Vanquished Creatures (others)
  2 bushes (Lair:5)
  38 fungi
  46 plants
  2 withered plants (D:2)
88 creatures vanquished.

Grand Total: 658 creatures vanquished

Notes
Turn   | Place    | Note
-------+----------+-------------------------------------------
     0 | D:1      | szrap the Spriggan Earth Elementalist began the quest for
                  | the Orb.
     0 | D:1      | Reached XP level 1. HP: 9/9 MP: 5/5
   290 | D:1      | Reached XP level 2. HP: 13/13 MP: 5/7
   671 | D:1      | Learned a level 2 spell: Passwall
   855 | D:2      | Found a glowing silver altar of Zin.
  1090 | D:2      | Reached XP level 3. HP: 16/16 MP: 5/8
  1160 | D:2      | Found a faded altar of an unknown god.
  1398 | D:2      | Learned a level 3 spell: Stone Arrow
  2260 | D:3      | Reached skill level 4 in Stealth
  2260 | D:3      | Reached XP level 4. HP: 6/21 MP: 5/10
  2769 | D:3      | Reached skill level 5 in Stealth
  2842 | D:3      | Noticed Terence
  3016 | D:4      | Noticed a black bear
  3047 | D:4      | Killed a black bear
  3048 | D:4      | Reached XP level 5. HP: 7/24 MP: 7/12
  3260 | D:4      | Found a glowing silver altar of Zin.
  3268 | D:4      | Found a stormy altar of Qazlal.
  3286 | D:4      | Found a glowing golden altar of the Shining One.
  3718 | D:4      | Reached XP level 6. HP: 29/29 MP: 10/14
  3878 | D:4      | Reached skill level 6 in Stealth
  3878 | D:4      | Reached skill level 5 in Spellcasting
  3883 | D:4      | Learned a level 4 spell: Petrify
  3960 | D:4      | Reached skill level 1 in Fighting
  4001 | D:4      | Found a hazy altar of Hepliaklqana.
  4038 | D:4      | Found a broken altar of Ashenzari.
  4038 | D:4      | Noticed a hornet
  4087 | D:4      | Killed a hornet
  4088 | D:4      | Reached skill level 7 in Stealth
  4088 | D:4      | Reached XP level 7. HP: 13/33 MP: 6/16
  4444 | D:4      | Reached skill level 8 in Stealth
  4730 | D:4      | Found the +7 Singing Sword {vorpal, sonic wave}
  4768 | D:4      | Reached skill level 5 in Dodging
  5160 | D:5      | Entered Level 5 of the Dungeon
  5222 | D:5      | Noticed Menkaure
  5228 | D:5      | Killed Menkaure
  5229 | D:5      | Reached XP level 8. HP: 39/39 MP: 5/18
  5439 | D:5      | Found a sand-covered staircase.
  5444 | Ossuary  | Entered an ossuary
  5655 | D:5      | Noticed Edmund
  5666 | D:5      | Killed Edmund
  5667 | D:5      | Reached skill level 5 in Earth Magic
  5875 | D:5      | Reached skill level 9 in Stealth
  6678 | D:5      | Found a runed translucent door.
  6679 | D:5      | Noticed Crazy Yiuf
  7069 | D:6      | Reached skill level 10 in Stealth
  7361 | D:6      | Reached XP level 9. HP: 44/44 MP: 20/20
  7451 | D:6      | Noticed Blork the orc
  7454 | D:6      | Killed Blork the orc
  7504 | D:6      | Learned a level 5 spell: Lee's Rapid Deconstruction
  7548 | D:6      | Noticed Dowan
  7556 | D:6      | Noticed Duvessa
  7561 | D:6      | Noticed Pikel
  7746 | D:6      | Noticed Grinder
  7751 | D:6      | Killed Grinder
  7752 | D:6      | Reached skill level 11 in Stealth
  7946 | D:6      | Killed Pikel
  8056 | D:6      | Killed Dowan
  8232 | D:6      | Reached skill level 12 in Stealth
  8906 | D:6      | Killed Duvessa
  9142 | D:7      | Reached XP level 10. HP: 44/49 MP: 7/23
  9505 | D:7      | Found Comeov's Antique Weapon Boutique.
  9807 | D:7      | Found a staircase to the Ecumenical Temple.
  9834 | Temple   | Entered the Ecumenical Temple
 10017 | Temple   | Became a worshipper of Gozag Ym Sagoz the Greedy
 10471 | D:8      | Found a white marble altar of Elyvilon.
 11664 | D:8      | Reached skill level 13 in Stealth
 11848 | D:9      | Found a staircase to the Orcish Mines.
 12595 | D:9      | Noticed Grum
 12657 | D:9      | Noticed Erica
 12733 | D:9      | Noticed a two-headed ogre
 12738 | D:9      | Killed a two-headed ogre
 12739 | D:9      | Reached skill level 10 in Spellcasting
 12933 | D:9      | Killed Erica
 12934 | D:9      | Reached skill level 5 in Fighting
 12934 | D:9      | Reached XP level 11. HP: 55/55 MP: 9/26
 13266 | D:9      | Noticed a two-headed ogre
 13268 | D:9      | Killed a two-headed ogre
 13268 | D:9      | Noticed Gastronok
 13531 | D:9      | Killed Grum
 13649 | D:9      | You fall into a shaft and drop 1 floor!
 13649 | D:10     | Entered Level 10 of the Dungeon
 13654 | D:10     | Found a sacrificial altar of Ru.
 14176 | D:9      | Killed Gastronok
 14692 | D:10     | Reached skill level 14 in Stealth
 15417 | D:11     | Found Qyfemius's Book Shop.
 15607 | D:11     | Found a flagged portal.
 15695 | Bailey   | Entered a bailey
 15710 | Bailey   | Noticed an orc knight
 15736 | Bailey   | Killed an orc knight
 15965 | Bailey   | Found an iron altar of Okawaru.
 15965 | Bailey   | Noticed an orc sorcerer
 15965 | Bailey   | Noticed an orc high priest
 16107 | Bailey   | Reached skill level 10 in Dodging
 16257 | Bailey   | Killed an orc sorcerer
 16436 | Bailey   | Reached skill level 1 in Shields
 16491 | Bailey   | Noticed an orc knight
 16533 | Bailey   | Killed an orc knight
 16805 | Bailey   | Killed an orc high priest
 17584 | Bailey   | Noticed an orc knight
 17591 | Bailey   | Killed an orc knight
 17934 | Bailey   | Acquired the amulet of Oqimauqa {Acrobat *Slow rPois rF+}
 17935 | Bailey   | Acquired the +1 buckler of Midwinter {MP+9 Int+3 Dex+2}
 18019 | D:11     | Reached XP level 12. HP: 61/61 MP: 27/28
 18071 | D:11     | Learned a level 4 spell: Summon Lightning Spire
 18571 | D:11     | Noticed a two-headed ogre
 18575 | D:11     | Killed a two-headed ogre
 18576 | D:11     | Reached skill level 15 in Stealth
 18717 | D:11     | Reached skill level 1 in Air Magic
 19071 | D:11     | Found a staircase to the Lair.
 19291 | Lair:1   | Entered Level 1 of the Lair of Beasts
 19333 | Lair:1   | Noticed a five-headed hydra
 19351 | Lair:1   | Killed a five-headed hydra
 19806 | Lair:1   | Noticed a five-headed hydra
 19819 | Lair:1   | Killed a five-headed hydra
 19820 | Lair:1   | Reached skill level 16 in Stealth
 20775 | Lair:2   | Found a runed translucent door.
 20776 | Lair:2   | Found a shimmering altar of Xom.
 20776 | Lair:2   | Noticed Rickety's ghost (journeyman SpEn)
 21243 | Lair:2   | Learned a level 4 spell: Airstrike
 21287 | Lair:2   | Reached skill level 17 in Stealth
 21591 | Lair:2   | Found a staircase to the Swamp.
 22589 | Lair:3   | Found a hole to the Spider Nest.
 22600 | Lair:3   | Reached XP level 13. HP: 66/66 MP: 29/29
 24917 | Lair:4   | Acquired the ring of Pezorenn {rC+ Will+}
 24928 | Lair:4   | Learned a level 4 spell: Dispel Undead
 24992 | Lair:4   | Reached skill level 18 in Stealth
 27176 | Lair:5   | Reached skill level 10 in Earth Magic
 28685 | Lair:5   | Learned a level 5 spell: Lightning Bolt
 28721 | Lair:6   | Entered Level 6 of the Lair of Beasts
 29157 | Lair:6   | Reached XP level 14. HP: 72/72 MP: 31/31
 29332 | Lair:6   | Reached skill level 5 in Air Magic
 30946 | Lair:6   | Found a staircase to the Slime Pits.
 32106 | Lair:6   | Found a large runed translucent door.
 32107 | Lair:6   | Found a large runed translucent door.
 32910 | Orc:1    | Entered Level 1 of the Orcish Mines
 32921 | Orc:1    | Noticed Josephine
 32938 | Orc:1    | Killed Josephine
 33315 | Orc:1    | Noticed Nergalle
 33334 | Orc:1    | Killed Nergalle
 33863 | Orc:2    | Entered Level 2 of the Orcish Mines
 34573 | Orc:2    | Found a staircase to the Elven Halls.
 35196 | Orc:2    | Shot with a bolt by an orc knight

Illustrated notes

Levels and vault maps discovered:
D:1:      wander_arrival_estate, layout_basic
D:2:      layout_basic, basic_altar, ebering_ecumenical_altar_petrified,
          serial_park_tiny_2, minmay_pentomino_o2
D:3:      layout_basic, mainiacjoe_overflow_alcove_2, serial_park_tiny_2,
          corexii_item_surrounded_by_moat, uniq_terence
D:4:      old_forge, layout_loops_cross, mainiacjoe_overflow_catwalk_spiral,
          mainiacjoe_overflow_two_lobes, overflow_temple_1_default,
          hangedman_decor_riveting
D:5:      layout_loops_ring, enter_ossuary_5, chequers_arboretum,
          grunt_decor_resistance, hangedman_abyss_or_decor_stabs,
          uniq_crazy_yiuf_cottage, uniq_edmund, uniq_menkaure
D:6:      layout_loops_cross, uniq_pikel, uniq_grinder, uniq_blork_the_orc,
          uniq_duvessa
D:7:      layout_cave_pools, minmay_temple_entry_fiery, serial_shops,
          nicolae_shop_window_shopping
D:8:      layout_loops_cross, elyvilon_altar_5
D:9:      layout_loops_cross, orc_0_dummy, uniq_grum, uniq_erica, uniq_gastronok
D:10:     layout_long_grid, nicolae_ru_sacrificial_ziggurat
D:11:     layout_loops_ring, erik_lair_dragon, serial_shops, shop,
          enter_bailey_5
Temple:   eino_narrow_crystal_temple
Lair:1:   layout_big_grid, disabler_island, minmay_lair_oklob_chamber
Lair:2:   layout_cellular_growth, swamp_mist_pool, ebering_ghost_xom,
          serial_bayou_shore_b, lemuel_fruit_tree, grunt_megastairs_3
Lair:3:   layout_chaotic_city, spider_nest_entry_a
Lair:4:   layout_loops_ring, beast_lair_carwin_11
Lair:5:   layout_cave_pods
Lair:6:   cheibrodos_lair_end_hotspot, layout_regular_city,
          dpeg_slime_entry_corner, chequers_serial_rivers_small_3
Orc:1:    layout_caves, mines1_david, uniq_harold, uniq_nergalle, uniq_josephine
Orc:2:    st_orc_congregation, layout_caves, nicolae_orc_pool_cavern,
          nicolae_orc_lava_room

Skill      XL: |  1  2  3  4  5  6  7  8  9 10 11 12 13 14 |
---------------+-------------------------------------------+-----
Spellcasting   | 3 4 5 6 7 8 10 11 12 | 12.0
Earth Magic    | 3 4 5 6 7 9 10 12 | 12.1
Dodging        | 3 4 5 6 7 9 10 11 12 | 12.5
Stealth        | 4 5 7 8 10 12 13 14 17 18 | 18.8
Fighting       | 1 2 3 5 6 7 |  7.9
Shields        | 1 3 4 |  4.0
Air Magic      | 3 4 6 |  6.1
Short Blades   | |  0.5
Transmutations | |  1.3

Action                   |  1- 3 |  4- 6 |  7- 9 | 10-12 | 13-15 || total
-------------------------+-------+-------+-------+-------+-------++-------
Melee: Short sword       |    14 |    14 |    45 |       |       ||    73
       Double sword      |       |       |    28 |    19 |       ||    47
       Rapier            |       |       |    16 |   104 |   101 ||   221
 Cast: Sandblast         |    60 |    44 |    35 |       |       ||   139
       Passwall          |       |     1 |       |       |       ||     1
       Stone Arrow       |       |     1 |    59 |   198 |   328 ||   586
       Lee's Rapid Decon |       |       |     8 |   104 |    56 ||   168
       Petrify           |       |       |       |     1 |       ||     1
       Summon Lightning  |       |       |       |       |    64 ||    64
       Airstrike         |       |       |       |       |     5 ||     5
Invok: Potion Petition   |       |       |       |     1 |       ||     1
Evoke: Wand              |       |       |       |    12 |       ||    12
  Use: Scroll            |     4 |     1 |     6 |    15 |     3 ||    29
       Potion            |       |       |       |     4 |       ||     4
 Stab: Sleeping          |    10 |    10 |    20 |    24 |     9 ||    73
       Distracted        |       |       |     1 |       |     3 ||     4
Armor: Robe              |     5 |       |    12 |     7 |    13 ||    37
Dodge: Dodged            |    17 |    17 |   120 |   163 |   155 ||   472
Block: Buckler           |       |       |       |    14 |    73 ||    87
       Rpst.: Double sword |       |       |     8 |     3 |       ||    11
